 Dungeon Crawl Stone Soup version 0.22-a0-398-g8bb545f (webtiles) character file.

540461 omgwth the Earth Mage (level 26, -2/179 HPs)
             Began as a Gargoyle Earth Elementalist on May 6, 2018.
             Was the Champion of Vehumet.
             Slain by Cigotuvi's Monster (16 damage)
             ... in a wizard's laboratory.
             The game lasted 03:59:55 (87774 turns).

omgwth the Earth Mage (GrEE)                       Turns: 87774, Time: 03:59:56

Health: -2/179     AC: 42    Str: 13      XL:     26   Next: 52%
Magic:  4/42       EV: 21    Int: 22 (30) God:    Vehumet [******]
Gold:   3196       SH: 18    Dex: 16      Spells: 25/55 levels left

rFire    + + +     SeeInvis +   s - staff of energy
rCold    + + .     Gourm    .   Q - +1 shield {rC+ rF+}
rNeg     + . .     Faith    .   T - +3 robe of Kovec {rF+ rC+ MR+ Str-2}
rPois    ∞         Spirit   .   W - +1 helmet {Int+3}
rElec    +         Reflect  +   S - +2 cloak of the Thief {+Fog Slay-2 SInv Stlth+}
rCorr    .         Harm     .   U - +3 pair of gloves of the Battered Emperors {rF+ MR- Dex+4}
MR       +....                  f - +2 pair of boots
Stlth    +++.......             q - +4 amulet of reflection
HPRegen  0.39/turn              H - ring of wizardry
MPRegen  0.28/turn              x - ring of protection from fire

@: flying, constricted
A: big wings, rugged brown scales 1, agile 1, negative energy resistance 1,
electricity resistance, strong 1, unbreathing, petrification resistance, rot
immunity, sturdy frame 1, AC +20
}: 2/15 runes: barnacled, gossamer
a: Stop Flying, Renounce Religion, Evoke Fog


You were in a wizard's laboratory.
You worshipped Vehumet.
Vehumet was exalted by your worship.
You were hungry.

You visited 10 branches of the dungeon, and saw 45 of its levels.
You visited the Abyss 1 time.
You visited 1 bazaar.
You also visited: Labyrinth, Ice Cave and Wizlab.

You collected 6735 gold pieces.
You spent 3539 gold pieces at shops.

Inventory:

Hand Weapons
 m - a +2 short sword of electrocution
Missiles
 b - 292 stones (quivered)
Armour
 f - a +2 pair of boots (worn)
 C - a scarf of resistance
 Q - a +1 shield of resistance (worn)
 S - the +2 cloak of the Thief (worn) {+Fog Slay-2 SInv Stlth+}
   (You bought it in a shop in a bazaar)

   It affects your accuracy and damage with ranged weapons and melee attacks
   (-2).
   It lets you see invisible.
   It makes you more stealthy.
 T - the +3 robe of Kovec (worn) {rF+ rC+ MR+ Str-2}
   (You found it on level 2 of the Elven Halls)

   It affects your strength (-2).
   It protects you from fire.
   It protects you from cold.
   It affects your resistance to hostile enchantments.
 U - the +3 pair of gloves of the Battered Emperors (worn) {rF+ MR- Dex+4}
   (You found it on level 3 of the Elven Halls)

   It affects your dexterity (+4).
   It protects you from fire.
   It affects your resistance to hostile enchantments.
 W - a +1 helmet of intelligence (worn)
Magical Staves
 s - an uncursed staff of energy (weapon)
Jewellery
 e - the ring of Tuchachuntu {rN+++ MR+ MP+9 Int-2 Dex+4, unknown}
   (You found it in a wizard's laboratory)

   [ring of magical power]

   It affects your intelligence (-2).
   It affects your dexterity (+4).
   It renders you almost immune to negative energy.
   It affects your resistance to hostile enchantments.
   It affects your magic capacity (+9).
 q - a +4 amulet of reflection (around neck)
 x - a ring of protection from fire (right hand)
 H - a ring of wizardry (left hand)
 K - an uncursed ring of see invisible
 N - an uncursed ring of resist corrosion
Wands
 c - a wand of digging (86)
 w - a wand of iceblast (23)
 y - a wand of disintegration (27)
 R - a wand of acid (25)
Scrolls
 i - a scroll of brand weapon
 n - 12 scrolls of magic mapping
 r - 8 scrolls of identify
 t - 12 scrolls of enchant weapon
 v - 21 scrolls of teleportation
 A - 2 scrolls of fog
 F - 7 scrolls of amnesia
 I - a scroll of silence
 M - 2 scrolls of blinking
 O - 4 scrolls of fear
 P - 12 scrolls of remove curse
 V - 6 scrolls of summoning
Potions
 g - 7 potions of haste
 j - a potion of magic
 k - 16 potions of curing
 l - 9 potions of heal wounds
 p - 4 potions of agility
 u - 7 potions of ambrosia
 z - 9 potions of might
 B - 5 potions of resistance
 E - 5 potions of brilliance
 G - 4 potions of mutation
 J - a potion of cancellation
Miscellaneous
 a - a crystal ball of energy
 h - 3 boxes of beasts
Comestibles
 d - 93 rations


   Skills:
 - Level 20.0 Fighting
 - Level 15.1 Armour
 - Level 15.0 Dodging
 - Level 2.1 Stealth
 - Level 15.0 Shields
 - Level 15.0 Spellcasting
 - Level 20.0 Conjurations
 - Level 5.0 Translocations
   Level 0.7 Transmutations
 - Level 10.3 Fire Magic
 - Level 20.0 Earth Magic
 + Level 10.1 Evocations


You had 25 spell levels left.
You knew the following spells:

 Your Spells              Type           Power        Failure   Level  Hunger
a - Sandblast             Erth           ######       0%          1    None
b - Iron Shot             Conj/Erth      #######...   1%          6    None
c - Lee's Rapid Deconstr  Erth           #######...   1%          5    None
d - Bolt of Magma         Conj/Fire/Erth ######....   1%          5    None
e - Passage of Golubria   Tloc           N/A          1%          4    None
f - Shatter               Erth           #######...   11%         9    None


Dungeon Overview and Level Annotations

Branches:
Dungeon (15/15)            Temple (1/1) D:6            Lair (6/6) D:8
 Shoals (4/4) Lair:2       Spider (4/4) Lair:3        Slime (0/5) Lair:6
    Orc (2/2) D:9             Elf (3/3) Orc:2        Vaults (4/5) D:13
  Crypt (1/3) Vaults:2     Depths (5/5) D:15            Zot (0/5) Depths:5

Altars:
Ashenzari
Cheibriados
Dithmenos
Elyvilon
Fedhas
Gozag
Hepliaklqana
Kikubaaqudgha
Makhleb
Okawaru
Qazlal
Ru
Sif Muna
Trog
Vehumet
Xom
Yredelemnul
Zin
Beogh
Jiyva

Shops:
Orc:2 [}%:*   Elf:1 *%(   Elf:3 }   Vaults:2 (   Vaults:3 *:*

Portals:
Hell: Depths:1 Depths:2 Depths:3 Depths:4 Depths:5
Abyss: Depths:1 Depths:4
Pandemonium: Depths:3
Ziggurat: Depths:3
Trove: D:10 (give +5 demon whip)

Annotations:
Lair:2 Louise
Elf:2 3 runed doors


Innate Abilities, Weirdness & Mutations

You are resistant to torment.
Your stone body is resilient. (AC +20)
You are immune to poison.
Your large and strong wings let you fly indefinitely.
You resist negative energy. (rN+)
You are resistant to electric shocks. (rElec)
You can survive without breathing.
You are immune to petrification.
You are immune to rotting.
You are partially covered in rugged brown scales. (AC +1, +3% HP)
You are agile. (Dex +2)
Your muscles are strong. (Str +2)
Your movements are slightly less encumbered by armour. (ER -2)


Message History

Aim: Cigotuvi's Monster (severely wounded, constricting you)
The iron shot misses Cigotuvi's Monster.
The unseen horror barely misses you. You block Cigotuvi's Monster's attack.
Cigotuvi's Monster tramples you but does no damage.
Cigotuvi's Monster barely misses you.
* * * LOW HITPOINT WARNING * * *
Cigotuvi's Monster constricts you!!
The small abomination hits you but does no damage.
You feel much better.
The unseen horror completely misses you.
You block Cigotuvi's Monster's attack.
Cigotuvi's Monster tramples you but does no damage.
You block Cigotuvi's Monster's attack.
* * * LOW HITPOINT WARNING * * *
Cigotuvi's Monster constricts you!
Cigotuvi's Monster's grasp on you weakens, but your attempt to escape fails.
You block the unseen horror's attack.
The small abomination hits you but does no damage.
Cigotuvi's Monster hits you!
You die...

#§..............##..#..#....
#...†............##.#..#....
##................≈##...#....
#.........).......≈##....##'#
##...§...........≈###..†#...#
#...§§..........≈## ##..#...#
#....§§§..........# #....#...
##.§§§......Hx...## ##..#####
##..§§.....#@....# #..##.##
#§..§...#.#x.#..## ##.....|≈
#.#§###....##....####........
.§....#........###.≈........
......#...#...##..#≈........
#.....#...#..###.##≈.......†
##...###.##### #####≈.......
#### #.∩## ##..≈≈≈≈... #.#†#
#.##.#.#..#


You could see Cigotuvi's Monster, an unseen horror shaped shifter (invisible)
and a small abomination.

Vanquished Creatures
  2 juggernauts
  Xtahua (Vaults:2)
  Frederick (Vaults:3)
  Margery (Depths:3)
  A caustic shrike (Depths:3)
  A bone dragon (Depths:4)
  3 golden dragons (Depths:4)
  Jorgrun (Spider:4)
  An Ice Fiend (Depths:2)
  2 liches
  2 deep elf blademasters (Elf:3)
  6 tentacled monstrosities
  A quicksilver dragon (shapeshifter) (Vaults:3)
  2 titans (Depths:2)
  2 deep elf master archers (Elf:3)
  Asterion (Depths:3)
  2 tentacled starspawn (Abyss:4)
  A sphinx (Depths:4)
  Polyphemus (Shoals:4)
  3 krakens
  2 revenants
  Kirke (D:12)
  6 tengu reavers
  3 storm dragons
  5 shadow dragons
  The ghost of erloom the Peltast, an adept DsFi of Cheibriados (Shoals:4)
  Donald (Vaults:1)
  Ilsuiw (Shoals:4)
  Roxanne (Spider:3)
  4 deep elf sorcerers (Elf:3)
  18 vault wardens
  Aizul (Spider:4)
  8 frost giants
  10 emperor scorpions
  An orc warlord (Vaults:2)
  10 fire giants
  4 ghost moths
  An iron dragon (Depths:1)
  14 ironheart preservers
  A ghoul (D:13)
  34 very ugly things
  A draconian shifter (Depths:5)
  A war gargoyle (Vaults:3)
  4 deep elf elementalists
  A draconian stormcaller (Depths:5)
  2 spriggan defenders (Depths:4)
  20 stone giants
  6 vampire knights
  5 entropy weavers
  4 deep elf demonologists (Elf:3)
  2 green draconians (Depths:5)
  A dire elephant (shapeshifter) (Vaults:2)
  A white draconian (Depths:5)
  2 red draconians (Depths:5)
  A minotaur (Lab)
  A black draconian (Depths:5)
  16 deep elf annihilators
  A yellow draconian (Depths:5)
  11 ettins
  7 merfolk javelineers
  An eidolon (Vaults:2)
  8 deep elf death magi
  5 jiangshi
  11 spark wasps
  13 merfolk impalers
  2 deep elf high priests
  5 fire dragons
  9 great orbs of eyes
  13 yaktaur captains
  4 rakshasas
  8 spriggan air magi
  6 hydras
  15 ice dragons
  9 vault guards
  3 merfolk avatars
  2 alligator snapping turtles
  2 catoblepae
  4 death knights
  49 two-headed ogres
  15 dancing weapons
  6 deep troll shamans
  A satyr (Shoals:4)
  8 centaur warriors
  3 merfolk aquamancers
  2 tengu warriors
  9 deep troll earth magi
  3 vampire magi
  2 death yaks
  16 ogre magi
  8 spriggan berserkers
  5 orc high priests (Orc:2)
  An iron golem (WizLab)
  10 deep elf knights
  3 spriggans
  3 thrashing horrors (Abyss:4)
  A fire crab (shapeshifter) (Vaults:1)
  3 salamander mystics (Depths:4)
  A titan skeleton (Vaults:3)
  A spatial maelstrom (Abyss:4)
  15 sea snakes
  A sixfirhy (Abyss:4)
  3 shadow wraiths
  8 iron trolls
  3 glowing orange brains
  12 skeletal warriors
  6 wizards
  7 flayed ghosts
  2 unseen horrors
  29 deep trolls
  2 death drakes (shapeshifter)
  12 hell knights
  17 ironbrand convokers
  2 lindwurms (Lair:6)
  6 necromancers
  13 deep elf archers
  An oklob plant (Lair:2)
  5 phantasmal warriors
  22 harpies
  97 ugly things
  28 orc knights
  20 orb spiders
  3 fauns (Shoals:3)
  3 orc sorcerers
  64 deep elf magi
  35 wolf spiders
  A worldbinder (Abyss:4)
  6 manticores
  12 salamanders (Depths:4)
  5 cyclopes
  A salamander (shapeshifter) (WizLab)
  A moth of wrath (Spider:4)
  7 large abominations
  7 merfolk sirens
  5 water nymphs
  Maurice (D:8)
  A rust devil (Depths:4)
  2 black mambas (Lair:6)
  An elephant (shapeshifter) (Vaults:4)
  A water nymph (shapeshifter) (WizLab)
  A smoke demon (Abyss:4)
  7 vault sentinels
  2 black mambas (shapeshifter) (WizLab)
  3 ice statues (IceCv)
  6 torpor snails (Lair:6)
  A spiny frog (shapeshifter) (WizLab)
  A guardian serpent (shapeshifter) (WizLab)
  6 spiny frogs
  Psyche (D:10)
  2 gargoyles
  2 efreet
  A rime drake (shapeshifter) (Vaults:3)
  10 komodo dragons
  72 yaktaurs
  A rime drake (Lair:4)
  A kobold demonologist (D:11)
  11 freezing wraiths
  9 demonic crawlers
  2 elves (WizLab)
  An ancient zyme (Abyss:4)
  31 merfolk
  A merfolk (shapeshifter) (Vaults:4)
  4 tengu conjurers
  5 trolls
  39 jumping spiders
  11 polar bears
  A meliai (shapeshifter) (WizLab)
  3 meliai (Lair:4)
  22 hornets
  A queen bee (Lair:4)
  3 tyrant leeches (Lair:6)
  Prince Ribbit (D:6)
  A dream sheep (shapeshifter) (WizLab)
  5 raiju (Lair:6)
  14 blink frogs
  A hippogriff (shapeshifter) (Vaults:3)
  5 wind drakes
  A slime creature (shapeshifter) (Depths:4)
  10 dream sheep
  14 hippogriffs
  A snapping turtle (shapeshifter) (Vaults:4)
  7 snapping turtles
  A blink frog (shapeshifter) (Vaults:2)
  32 slime creatures
  2 air elementals
  3 wyverns
  2 tarantellas (shapeshifter)
  92 redbacks
  2 fire elementals
  3 humans (WizLab)
  29 tarantellas
  2 shadows
  5 wraiths
  30 yaks
  A vampire (D:11)
  A human (shapeshifter) (Vaults:2)
  2 basilisks (shapeshifter) (WizLab)
  2 basilisks
  20 water elementals
  A golden eye (shapeshifter) (WizLab)
  A neqoxec (Abyss:4)
  5 wargs
  8 vampire mosquitoes
  A deep troll zombie (Vaults:3)
  A soldier ant (D:12)
  An acid dragon (shapeshifter) (Depths:4)
  2 acid dragons (D:14)
  4 water moccasins
  12 hell hounds (Lair:6)
  8 porcupines
  5 floating eyes
  49 orc warriors
  7 sky beasts
  10 ice beasts
  An eye of draining (D:14)
  13 black bears
  An eye of draining (shapeshifter) (Vaults:2)
  A necrophage (D:10)
  13 wolves (Lair:6)
  4 boggarts (Vaults:2)
  A phantom (D:9)
  9 small abominations
  26 ogres
  An ogre (shapeshifter) (Vaults:4)
  A boggart (shapeshifter) (Vaults:3)
  5 crocodiles
  14 centaurs
  3 human skeletons (Vaults:3)
  2 big kobolds
  A wyvern zombie (D:11)
  2 bullfrogs (shapeshifter) (WizLab)
  17 bullfrogs
  A spiny frog simulacrum (Abyss:4)
  6 earth elementals
  A wyvern skeleton (D:14)
  3 scorpions
  14 wights
  3 human simulacra
  25 killer bees
  An electric eel (Spider:4)
  A howler monkey (shapeshifter) (WizLab)
  7 howler monkeys
  4 crimson imps
  4 bullfrog zombies
  7 hounds
  7 jellies
  A quasit (D:10)
  3 centaur zombies
  14 orc wizards
  A bullfrog skeleton (D:13)
  5 centaur skeletons
  37 orc priests
  An iguana (D:9)
  Ijyb (D:2)
  An iguana (shapeshifter) (Depths:4)
  13 worker ants
  A hound zombie (D:6)
  An ogre skeleton (Lab)
  A hound skeleton (D:5)
  A mummy (D:5)
  A worker ant zombie (D:9)
  11 adders
  7 shadow imps
  15 white imps
  An ufetubus (Vaults:2)
  A worm (D:2)
  A worm (shapeshifter) (WizLab)
  4 dart slugs
  3 leopard geckos
  109 orcs
  A ball python (shapeshifter) (WizLab)
  3 giant cockroaches
  14 hobgoblins
  12 jackals
  3 quokkas
  2 quokkas (shapeshifter) (WizLab)
  A ball python (D:1)
  3 bats (D:1)
  7 frilled lizards
  9 goblins
  17 kobolds
  A quokka skeleton (D:5)
  6 rats
  A lurking horror (Abyss:4)
  55 plants
  2 tentacles
2221 creatures vanquished.

Vanquished Creatures (collateral kills)
  A basilisk (Lair:2)
1 creature vanquished.

Vanquished Creatures (others)
  4 stone giants
  A merfolk javelineer (Shoals:4)
  A yaktaur captain (Vaults:3)
  A spriggan air mage (Depths:5)
  4 centaur warriors
  A spriggan (Depths:5)
  A spriggan berserker (Depths:5)
  2 deep elf archers
  A salamander (Depths:4)
  A manticore (Shoals:4)
  A faun (Shoals:3)
  7 yaktaurs
  A hornet (Depths:5)
  A bullfrog (D:12)
  A worker ant (D:12)
  A lurking horror (Abyss:4)
  56 plants
  6 starspawn tentacles (Abyss:4)
  34 tentacles
125 creatures vanquished.

Grand Total: 2347 creatures vanquished

Notes
Turn   | Place    | Note
-------+----------+-------------------------------------------
     0 | D:1      | omgwth the Gargoyle Earth Elementalist began the quest for the Orb.
     0 | D:1      | Reached XP level 1. HP: 10/10 MP: 3/3
   290 | D:1      | Reached XP level 2. HP: 15/15 MP: 0/5
  1144 | D:2      | Found a shadowy altar of Dithmenos.
  1256 | D:2      | Reached XP level 3. HP: 19/19 MP: 4/6
  1542 | D:2      | Noticed Ijyb
  1694 | D:2      | Reached skill level 5 in Earth Magic
  1720 | D:2      | Reached XP level 4. HP: 23/24 MP: 6/8
  1725 | D:2      | Learned a level 3 spell: Stone Arrow
  1737 | D:2      | Killed Ijyb
  1800 | D:2      | Reached skill level 1 in Conjurations
  2184 | D:3      | Reached XP level 5. HP: 28/28 MP: 9/9
  2455 | D:3      | Found a hazy altar of Hepliaklqana.
  2455 | D:3      | Found a stormy altar of Qazlal.
  2918 | D:4      | Learned a level 5 spell: Lee's Rapid Deconstruction
  3004 | D:4      | Reached XP level 6. HP: 23/32 MP: 0/10
  3366 | D:4      | Found a glowing silver altar of Zin.
  3366 | D:4      | Found an opulent altar of Gozag.
  3406 | D:5      | Entered Level 5 of the Dungeon
  3865 | D:5      | Found a snail-covered altar of Cheibriados.
  4286 | D:6      | Reached XP level 7. HP: 36/36 MP: 12/12
  4289 | D:6      | Got a bloodstained hand axe
  4345 | D:6      | Identified the +6 hand axe of Risk Management {chop, Str+7} (You found it on level 6 of the Dungeon)
  4446 | D:6      | Found a white marble altar of Elyvilon.
  4455 | D:6      | Found an ancient bone altar of Kikubaaqudgha.
  4470 | D:6      | Found a staircase to the Ecumenical Temple.
  4483 | Temple   | Entered the Ecumenical Temple
  4493 | Temple   | Became a worshipper of Vehumet
  4889 | D:6      | Got an encrusted short sword
  4890 | D:6      | Identified the +2 short sword "Qolutu" {holy, +Rage Int+8} (You found it on level 6 of the Dungeon)
  5145 | D:7      | Reached skill level 5 in Conjurations
  5244 | D:7      | Noticed Prince Ribbit
  5250 | D:6      | Reached XP level 8. HP: 30/41 MP: 3/14
  5338 | D:6      | Killed Prince Ribbit
  6063 | D:6      | Reached * piety under Vehumet
  6063 | D:6      | Offered knowledge of Freeze by Vehumet.
  6134 | D:6      | Found a blossoming altar of Fedhas.
  6504 | D:7      | Reached skill level 5 in Spellcasting
  6504 | D:7      | Reached XP level 9. HP: 45/45 MP: 10/16
  7008 | D:7      | Gained mutation: Potions are less effective at restoring your health. [potion of mutation]
  7008 | D:7      | Gained mutation: Your spells are a little harder to cast, but a little more powerful. [potion of mutation]
  7008 | D:7      | Gained mutation: You are partially covered in rugged brown scales. (AC +1, +3% HP) [potion of mutation]
  7047 | D:8      | Noticed a two-headed ogre
  7058 | D:7      | Killed a two-headed ogre
  7058 | D:7      | Reached skill level 10 in Earth Magic
  7409 | D:8      | Found a staircase to the Lair.
  7410 | D:8      | Noticed a komodo dragon
  7499 | D:7      | Killed a komodo dragon
  7649 | D:8      | Found a radiant altar of Vehumet.
  7656 | D:8      | Noticed an eight-headed hydra
  7684 | D:8      | Killed an eight-headed hydra
  7684 | D:8      | Reached skill level 10 in Conjurations
  7684 | D:8      | Reached XP level 10. HP: 42/51 MP: 1/19
  7995 | D:8      | Reached skill level 1 in Fighting
  8165 | D:8      | Noticed Maurice
  8167 | D:8      | Killed Maurice
  8172 | D:8      | Found a deep blue altar of Sif Muna.
  8561 | D:9      | Found a shattered altar of Ashenzari.
  8882 | D:9      | Offered knowledge of Throw Flame by Vehumet.
  8884 | D:9      | Reached ** piety under Vehumet
  8974 | D:9      | Noticed a gargoyle
  8980 | D:9      | Killed a gargoyle
  8980 | D:9      | Reached skill level 5 in Fighting
  9147 | D:9      | Noticed a two-headed ogre
  9153 | D:9      | Killed a two-headed ogre
  9153 | D:9      | Reached skill level 5 in Dodging
  9153 | D:9      | Reached XP level 11. HP: 65/65 MP: 8/20
  9334 | D:9      | Found a staircase to the Orcish Mines.
  9428 | D:9      | Found a bloodstained altar of Trog.
  9576 | D:9      | Noticed a centaur warrior
  9589 | D:9      | Killed a centaur warrior
  9751 | D:9      | Found a sacrificial altar of Ru.
  9784 | D:9      | Found a bloodstained altar of Trog.
  9885 | D:9      | Offered knowledge of Ignite Poison by Vehumet.
  9973 | D:10     | Entered Level 10 of the Dungeon
 10062 | D:10     | Found an iron altar of Okawaru.
 10183 | D:10     | Learned a level 4 spell: Petrify
 10331 | D:10     | Noticed a two-headed ogre
 10332 | D:10     | Killed a two-headed ogre
 10333 | D:10     | Noticed an ogre mage
 10333 | D:10     | Noticed a two-headed ogre
 10345 | D:10     | Killed an ogre mage
 10345 | D:10     | Reached *** piety under Vehumet
 10440 | D:10     | Killed a two-headed ogre
 10452 | D:10     | Noticed a two-headed ogre
 10458 | D:10     | Killed a two-headed ogre
 10473 | D:10     | Noticed a two-headed ogre
 10476 | D:10     | Killed a two-headed ogre
 10479 | D:10     | Noticed Psyche
 10581 | D:10     | Killed Psyche
 10581 | D:10     | Reached XP level 12. HP: 75/75 MP: 14/21
 10760 | D:10     | Offered knowledge of Fulminant Prism by Vehumet.
 10826 | D:10     | Found a portal to a secret trove of treasure.
 11700 | D:11     | Reached **** piety under Vehumet
 11765 | D:11     | Found an iron altar of Okawaru.
 12301 | D:11     | Offered knowledge of Bolt of Magma by Vehumet.
 12595 | D:12     | Noticed Kirke
 12602 | D:12     | Killed Kirke
 12602 | D:12     | Reached skill level 1 in Shields
 13382 | Lair:1   | Entered Level 1 of the Lair of Beasts
 13391 | D:8      | Learned a level 5 spell: Bolt of Magma
 13405 | Lair:1   | Reached skill level 1 in Fire Magic
 13476 | Lair:1   | Noticed a six-headed hydra
 13481 | Lair:1   | Killed a six-headed hydra
 13778 | Lair:1   | Reached ***** piety under Vehumet
 13854 | Lair:1   | Offered knowledge of Iron Shot by Vehumet.
 13994 | Lair:1   | Learned a level 6 spell: Iron Shot
 14109 | Lair:1   | Found a shimmering altar of Xom.
 14460 | Lair:1   | Reached XP level 13. HP: 71/80 MP: 22/24
 14498 | Lair:2   | Found a labyrinth entrance.
 14504 | Lab      | Entered a labyrinth
 14900 | Lab      | Noticed a minotaur
 14904 | Lab      | Killed a minotaur
 14904 | Lab      | Reached skill level 5 in Fire Magic
 15298 | Lair:2   | Found a staircase to the Shoals.
 15580 | Lair:2   | Got a scorched leather armour
 15622 | Lair:2   | Identified the +3 leather armour of Dogmatism {Int+4} (You found it on level 2 of the Lair of Beasts)
 15915 | Lair:2   | Learned a level 4 spell: Passage of Golubria
 16671 | Lair:3   | Found a hole to the Spider Nest.
 18572 | Lair:5   | Reached skill level 10 in Fighting
 18573 | Lair:5   | Offered knowledge of Bolt of Draining by Vehumet.
 18631 | Lair:5   | Found a frozen archway.
 18647 | IceCv    | Entered an ice cave
 18953 | IceCv    | Gained mutation: Your large and strong wings let you fly indefinitely. [Gargoyle growth]
 18953 | IceCv    | Reached XP level 14. HP: 90/90 MP: 11/26
 19548 | Lair:6   | Entered Level 6 of the Lair of Beasts
 19700 | Lair:6   | Reached skill level 10 in Dodging
 20135 | Lair:6   | Found a staircase to the Slime Pits.
 20137 | Lair:6   | Found a viscous altar of Jiyva.
 21633 | Lair:6   | Found a runed door.
 21961 | Lair:6   | Offered knowledge of Freezing Cloud by Vehumet.
 22640 | Orc:1    | Entered Level 1 of the Orcish Mines
 22704 | Orc:1    | Noticed a stone giant
 22728 | Orc:1    | Killed a stone giant
 22866 | Orc:1    | Found a roughly hewn altar of Beogh.
 23401 | Orc:2    | Entered Level 2 of the Orcish Mines
 23502 | Orc:2    | Found Xuyta Dyun's Antique Armour Emporium.
 23510 | Orc:2    | Bought a bloodstained leather armour for 210 gold pieces
 23703 | Orc:2    | Identified the cursed +0 leather armour of Luediad {Regen+ rCorr Int-4} (You bought it in a shop on level 2 of the Orcish Mines)
 24353 | Orc:2    | Reached XP level 15. HP: 94/94 MP: 4/27
 25734 | Orc:2    | Found a staircase to the Elven Halls.
 25933 | Orc:2    | Reached skill level 15 in Earth Magic
 26061 | Orc:2    | Found Couxt's Gadget Emporium.
 26064 | Orc:2    | Found Ococuqen's Book Shoppe.
 26065 | Orc:2    | Found Ajaodinif's Assorted Antiques.
 26066 | Orc:2    | Found Teith's Food Emporium.
 26071 | Orc:2    | Bought a scroll of magic mapping for 108 gold pieces
 26071 | Orc:2    | Bought 2 scrolls of magic mapping for 217 gold pieces
 26071 | Orc:2    | Bought a pair of runed boots for 232 gold pieces
 26075 | Orc:2    | Bought a polished morningstar for 279 gold pieces
 26075 | Orc:2    | Identified the +5 morningstar "Opoiwk" {freeze, +Blink +Fly rPois Str+3} (You bought it in a shop on level 2 of the Orcish Mines)
 26550 | Orc:1    | Offered knowledge of Bolt of Cold by Vehumet.
 26774 | Orc:2    | Bought a glowing robe for 111 gold pieces
 26774 | Orc:2    | Bought a runed hat for 210 gold pieces
 27068 | D:13     | Reached skill level 15 in Conjurations
 27396 | D:13     | Found a gate to the Vaults.
 29151 | D:14     | Reached skill level 10 in Spellcasting
 29409 | D:14     | Reached ****** piety under Vehumet
 29737 | D:15     | Entered Level 15 of the Dungeon
 29740 | D:15     | Offered knowledge of Ozocubu's Refrigeration by Vehumet.
 30469 | D:15     | Found a staircase to the Depths.
 30511 | D:15     | Found a radiant altar of Vehumet.
 31016 | D:15     | Reached XP level 16. HP: 99/99 MP: 26/30
 31545 | Spider:1 | Entered Level 1 of the Spider Nest
 32007 | Lair:3   | Reached skill level 1 in Translocations
 32949 | Spider:1 | Offered knowledge of Orb of Destruction by Vehumet.
 33407 | Spider:1 | Noticed Louise
 34795 | Spider:1 | Found the +9 heavy crossbow "Sniper" {velocity, Acc+∞ SInv}
 36038 | Spider:2 | Reached skill level 5 in Translocations
 36398 | Spider:2 | Offered knowledge of Spellforged Servitor by Vehumet.
 37699 | Spider:3 | Reached XP level 17. HP: 105/105 MP: 5/31
 38043 | Spider:3 | Noticed Roxanne
 38049 | Spider:3 | Killed Roxanne
 38112 | Spider:3 | Identified Roxanne's Collected Works on Shape Shifting (You took it off Roxanne on level 3 of the Spider Nest)
 39502 | Spider:4 | Entered Level 4 of the Spider Nest
 39977 | Spider:4 | Noticed Aizul
 40784 | Spider:4 | Noticed Jorgrun
 40786 | Spider:4 | Killed Jorgrun
 40912 | Spider:4 | Killed Aizul
 41192 | Spider:4 | Got a transparent ring mail
 41402 | Spider:4 | Identified the cursed +1 ring mail "Arhoutz" {rN+ Str+3 Dex+2 Stlth+} (You found it on level 4 of the Spider Nest)
 41657 | Spider:4 | Offered knowledge of Lehudib's Crystal Spear by Vehumet.
 41657 | Spider:4 | Offered knowledge of Fire Storm by Vehumet.
 41657 | Spider:4 | Offered knowledge of Shatter by Vehumet.
 43169 | Spider:4 | Got a gossamer rune of Zot
 43356 | Shoals:1 | Entered Level 1 of the Shoals
 44005 | Shoals:1 | Found a runed door.
 45140 | Shoals:2 | Noticed a kraken
 45164 | Shoals:2 | Killed a kraken
 45431 | Shoals:2 | Reached XP level 18. HP: 113/113 MP: 18/32
 48348 | Shoals:4 | Entered Level 4 of the Shoals
 48390 | Shoals:4 | Noticed erloom's ghost (adept DsFi)
 48774 | Shoals:4 | Noticed Ilsuiw
 49539 | Shoals:4 | Killed Ilsuiw
 50271 | Shoals:4 | Noticed Polyphemus
 52123 | Shoals:4 | Got a flickering lapis lazuli ring
 52124 | Shoals:4 | Identified the ring "Ylits" {rPois Str+2 Int+2 Slay+5} (You took it off a merfolk impaler on level 4 of the Shoals)
 52231 | Shoals:4 | Reached XP level 19. HP: 111/119 MP: 8/35
 52412 | Shoals:4 | Killed erloom's ghost
 52753 | Shoals:4 | Got a barnacled rune of Zot
 52884 | Shoals:4 | Killed Polyphemus
 53371 | Vaults:1 | Entered Level 1 of the Vaults
 53585 | Vaults:1 | Paralysed by a great orb of eyes for 7 turns
 53587 | Vaults:1 | Noticed a lich
 53596 | Vaults:1 | Cast into level 4 of the Abyss (a lich)
 53667 | Abyss:4  | Noticed a profane servitor
 53921 | Abyss:4  | Gained mutation: You have sharp toenails. [a neqoxec]
 54027 | Vaults:1 | Escaped the Abyss
 54029 | Vaults:1 | Killed a lich
 55968 | Vaults:1 | Lost mutation: You have sharp toenails. [potion of mutation]
 55968 | Vaults:1 | Lost mutation: Your spells are a little harder to cast, but a little more powerful. [potion of mutation]
 55968 | Vaults:1 | Lost mutation: Potions are less effective at restoring your health. [potion of mutation]
 55968 | Vaults:1 | Gained mutation: You are agile. (Dex +2) [potion of mutation]
 55968 | Vaults:1 | Gained mutation: Your muscles are strong. (Str +2) [potion of mutation]
 55968 | Vaults:1 | Gained mutation: Your movements are slightly less encumbered by armour. (ER -2) [potion of mutation]
 55979 | Vaults:1 | Learned a level 9 spell: Shatter
 56339 | Vaults:1 | Reached XP level 20. HP: 105/125 MP: 11/36
 56788 | Vaults:1 | Noticed Donald
 56792 | Vaults:1 | Killed Donald
 57135 | Vaults:1 | Reached skill level 5 in Shields
 58192 | Vaults:2 | Noticed Xtahua
 58305 | Vaults:2 | Paralysed by Xtahua for 2 turns
 58310 | Vaults:2 | Paralysed by Xtahua for 7 turns
 58317 | Vaults:2 | Killed Xtahua
 58317 | Vaults:2 | Reached skill level 10 in Shields
 59865 | Vaults:2 | Found Pumuv's Antique Weapon Shop.
 60013 | Vaults:2 | Found a staircase to the Crypt.
 60016 | Vaults:2 | Reached XP level 21. HP: 131/131 MP: 27/37
 60536 | Vaults:2 | Found a roughly hewn altar of Beogh.
 62320 | Vaults:3 | Reached skill level 15 in Shields
 62600 | Vaults:3 | Found Ydaptef's General Store.
 62611 | Vaults:3 | Bought a scroll of amnesia for 52 gold pieces
 62645 | Vaults:3 | Found Akobe's Assorted Antiques.
 62651 | Vaults:3 | Bought a scroll of teleportation for 81 gold pieces
 62651 | Vaults:3 | Bought a papyrus book for 405 gold pieces
 62651 | Vaults:3 | Bought a potion of resistance for 270 gold pieces
 63276 | Vaults:3 | Found Femoteur's Book Shop.
 63427 | Vaults:3 | Noticed Frederick
 63433 | Vaults:3 | Killed Frederick
 64877 | Vaults:4 | Reached XP level 22. HP: 120/141 MP: 25/39
 66112 | Vaults:4 | Reached skill level 15 in Fighting
 66858 | Depths:1 | Entered Level 1 of the Depths
 66863 | Depths:1 | Reached skill level 15 in Spellcasting
 67022 | Depths:1 | Found a one-way gate to the infinite horrors of the Abyss.
 67168 | Depths:1 | Paralysed by a vampire knight for 6 turns
 67894 | Depths:1 | Paralysed by a great orb of eyes for 3 turns
 68291 | Depths:1 | Got a scintillating lapis lazuli ring
 68292 | Depths:1 | Identified a scroll of acquirement
 68294 | Depths:1 | Identified the ring of Zaawawk {rN+ Int+5} (You took it off a yaktaur captain on level 1 of the Depths)
 68309 | Depths:1 | Identified the Compendium of the Mutagenic Blaze
 68386 | Depths:1 | Reached XP level 23. HP: 148/148 MP: 29/42
 68387 | Depths:1 | Found a gateway to Hell.
 68469 | Depths:1 | Got a glittering golden amulet
 68472 | Depths:1 | Identified the amulet of Jeed {rPois rF- rC+ rN+ Regen+} (You took it off a yaktaur captain on level 1 of the Depths)
 70181 | Depths:2 | Reached skill level 15 in Dodging
 70196 | Depths:2 | Reached skill level 1 in Armour
 71048 | Depths:1 | Reached skill level 5 in Armour
 72750 | Depths:3 | Paralysed by a great orb of eyes for 4 turns
 72782 | Depths:3 | Noticed a caustic shrike
 72919 | Depths:3 | Noticed a juggernaut
 72926 | Depths:3 | Killed a juggernaut
 72926 | Depths:3 | Reached skill level 10 in Armour
 73523 | Depths:3 | Reached XP level 24. HP: 154/154 MP: 22/42
 73524 | Depths:3 | Identified the Reference Book on Ashen Flames
 73712 | Depths:3 | Killed a caustic shrike
 73882 | Depths:3 | Found a one-way gate leading to the halls of Pandemonium.
 74261 | Depths:3 | Noticed Margery
 74396 | Depths:3 | Killed Margery
 74498 | Depths:3 | Found a gateway to a ziggurat.
 74532 | Depths:3 | Noticed Asterion
 74536 | Depths:3 | Killed Asterion
 76193 | Depths:4 | Reached skill level 15 in Armour
 76694 | Depths:4 | Noticed a juggernaut
 76701 | Depths:4 | Killed a juggernaut
 77815 | Depths:4 | Identified Seicenih's Almanac of Evil Summoning
 78171 | Depths:4 | Reached XP level 25. HP: 94/164 MP: 23/42
 79282 | Depths:4 | Paralysed by a great orb of eyes for 4 turns
 79456 | Depths:4 | Got a pitted hat
 79474 | Depths:4 | Identified the +2 hat "Muomm" {Dex+2} (You found it on level 4 of the Depths)
 79534 | Depths:5 | Entered Level 5 of the Depths
 79563 | Depths:5 | Found a flickering gateway to a bazaar.
 79574 | Bazaar   | Entered a bazaar
 79574 | Bazaar   | Found Paafol's Antique Weapon Shoppe.
 79574 | Bazaar   | Found Zoos's Food Emporium.
 79574 | Bazaar   | Found Hibef's Armour Shoppe.
 79590 | Bazaar   | Bought the +2 cloak of the Thief {+Fog Slay-2 SInv Stlth+} for 221 gold pieces
 79590 | Bazaar   | Found the +2 cloak of the Thief {+Fog Slay-2 SInv Stlth+}
 79602 | Bazaar   | Bought a ration for 55 gold pieces
 79602 | Bazaar   | Bought a ration for 55 gold pieces
 79602 | Bazaar   | Bought a ration for 55 gold pieces
 79602 | Bazaar   | Bought a ration for 55 gold pieces
 79602 | Bazaar   | Bought a ration for 55 gold pieces
 79602 | Bazaar   | Bought a ration for 55 gold pieces
 79602 | Bazaar   | Bought a ration for 55 gold pieces
 79602 | Bazaar   | Bought a ration for 55 gold pieces
 79721 | Depths:5 | Identified the Incunabulum of the Floating Rocks
 82408 | Depths:5 | Found a gate to the Realm of Zot.
 82813 | Elf:1    | Entered Level 1 of the Elven Halls
 82921 | Elf:1    | Found Kogenoq's Food Shoppe.
 82990 | Elf:1    | Found Kurroff's Weapon Shoppe.
 83017 | Elf:1    | Found Zorhiuru's Assorted Antiques.
 83027 | Elf:1    | Bought a scroll of teleportation for 93 gold pieces
 83027 | Elf:1    | Bought a potion of haste for 310 gold pieces
 83865 | Elf:1    | Found Otteixyck's Armour Shop.
 84438 | Elf:2    | Identified the Tome of Conjuration
 84537 | Elf:2    | Got a steaming robe
 84538 | Elf:2    | Identified the +3 robe of Kovec {rF+ rC+ MR+ Str-2} (You found it on level 2 of the Elven Halls)
 84577 | Elf:2    | Found a runed gate.
 84582 | Elf:2    | Found a runed gate.
 84582 | Elf:2    | Found a runed gate.
 84584 | Elf:2    | Reached skill level 1 in Evocations
 84874 | Elf:2    | Found an ancient bone altar of Kikubaaqudgha.
 85031 | Elf:3    | Entered Level 3 of the Elven Halls
 85261 | Elf:3    | Got a bronze leather armour
 85262 | Elf:3    | Identified the +2 leather armour of the Empire {Regen+} (You found it on level 3 of the Elven Halls)
 85271 | Elf:3    | Found Zapsitsa's Gadget Shoppe.
 86087 | Elf:3    | Reached XP level 26. HP: 179/179 MP: 42/42
 86087 | Elf:3    | Reached skill level 10 in Fire Magic
 86091 | Elf:3    | Reached skill level 5 in Evocations
 86542 | Elf:3    | Found the +10 zealot's sword {holy, *Rage rN+ EV+3}
 86545 | Elf:3    | Got a bloodstained ring mail
 86549 | Elf:3    | Got a pair of transparent gloves
 86662 | Elf:3    | Identified the +0 ring mail of the Trees {rN+ Dex+3 SInv Stlth-} (You found it on level 3 of the Elven Halls)
 86663 | Elf:3    | Identified the +3 pair of gloves of the Battered Emperors {rF+ MR- Dex+4} (You found it on level 3 of the Elven Halls)
 86745 | Elf:3    | Bought a crystal ball of energy for 300 gold pieces
 86990 | Crypt:1  | Entered Level 1 of the Crypt
 87266 | Crypt:1  | Found a magical portal.
 87280 | WizLab   | Entered Cigotuvi's Fleshworks
 87502 | WizLab   | Paralysed by a floating eye for 3 turns
 87565 | WizLab   | Got a shimmering marble ring
 87725 | WizLab   | Reached skill level 10 in Evocations
 87772 | WizLab   | HP: 7/179 [Cigotuvi's Monster (24)]
 87774 | WizLab   | Slain by Cigotuvi's Monster

Vault maps used:
D:1:      giann_wishing_wells
D:2:      kennysheep_the_goblin_king, nicolae_dithmenos_through_a_glass_darkly
D:3:      gammafunk_temple_overflow_wave
D:4:      grunt_temple_overflow_gold_and_silver
D:5:      slow_altar_2, first_ration
D:6:      fedhas_altar_decomposition, grunt_temple_overflow_open,
          minmay_temple_entry_crystal_x, skrybe_limestone_x, minivault_10
D:7:      grunt_ogre_cave, grunt_decor_cap, kennysheep_generic_room_2,
          uniq_prince_ribbit1
D:8:      kennysheep_little_box, david_lair_shrubbed, basic_altar, uniq_maurice
D:9:      hangedman_cross_stitches, lightli_temple_of_fire,
          nicolae_ru_path_of_blood, cheibrodos_ashenzari_chains,
          trog_ov_bears_minmay
D:10:     basic_altar, enter_trove_2, uniq_psyche
D:11:     okawaru_ov_weapons_minmay
D:12:     uniq_kirke
D:13:     david_vaults_2, minmay_misc_feat_rows
D:15:     grunt_enter_depths_hoard, serial_park_square3
Temple:   compressed_dpeg_triangle_lava_temple
Lair:1:   basic_altar, serial_bayou_shore_a, grunt_megastairs_4
Lair:2:   dpeg_oklob_gauntlet, shoals_dummy_entry, lab_entry_generic
Lair:3:   nicolae_spider_entry_orb_guardian, lemuel_fruit_tree
Lair:5:   portal_ice_cave_entry_imps, infiniplex_staircase_pool_2,
          grunt_megastairs_3
Lair:6:   hangedman_lair_caniforms_friends, wormcave, slime_altar_1, st_stairs_3
Shoals:1: lightli_airlock
Shoals:4: shoals_end_grunt_ice, shoals_ilsuiw_alternative, uniq_polyphemus
Spider:1: spider_trap, uniq_louise
Spider:3: spider_trap, uniq_roxanne
Spider:4: grunt_spider_rune_circles, nicolae_spider_webbed_stairs, uniq_jorgrun,
          uniq_aizul
Orc:1:    cheibrodos_orc_bank, david_defended_altar_orc
Orc:2:    st_orc_pillars, serial_shops, shop
Elf:1:    elf_arrival_001, serial_shops, shop, shop, shop, shop_coins,
          minmay_elf_crystal_heptagon, grunt_megastairs_2
Elf:2:    basic_altar, minmay_elf_annihilation
Elf:3:    elf_hall, serial_shops, shop
Vaults:1: nicolae_vaults_sealed_display, hangedman_vaults_locks,
          nicolae_vaults_theta, hangedman_vaults_river_flow, v_alt_pattern_4,
          hangedman_vaults_slither, vaults_room_fancy_cross,
          hangedman_vaults_stagger, v_misc_3, nicolae_vaults_shelves_hall,
          st_cross, vaults_dpeg_hooks, uniq_donald
Vaults:2: serial_ice_b, hangedman_vaults_variations, vaults_mumra_minichess,
          vaults_room_corners, ontoclasm_vaults_eye, nicolae_vaults_asterisk,
          v_misc_11, special_room_vaults, vaults_room_door_hall, serial_shops,
          nicolae_shop_statue_plus, uniq_xtahua
Vaults:3: dpeg_vaults_monster_row, nicolae_vaults_little_squares_5,
          dpeg_vaults_monster_box, v_misc_26, nicolae_vaults_network_star,
          ontoclasm_vaults_shuriken, nicolae_vaults_quadrants, v_misc_2,
          nicolae_vaults_circle_grid_a, ontoclasm_vaults_misaligned,
          nicolae_vaults_angled_halls, vaults_dpeg_ring, serial_shops, shop,
          nicolae_shop_behind_doors, shop, uniq_frederick
Vaults:4: ontoclasm_vaults_bender, vaults_mumra_hex, v_misc_1, v_misc_26,
          v_misc_4, v_misc_4, vaults_mumra_bighexcomb,
          nicolae_vaults_little_squares_6, ontoclasm_vaults_decontamination,
          nicolae_vaults_rhombus_6, v_misc_12, v_misc_23
Crypt:1:  infiniplex_enter_wizlab_water, uniq_saint_roka
Depths:1: abyss_entry, glass_columns_c, serial_bayou, serial_bayou_ford_a,
          serial_bayou_lake_a, serial_bayou_pond_d, serial_bayou_lagoon_a,
          pf_coc_iceberg, hangedman_decor_points, minmay_swirly_circle
Depths:2: grunt_runaround, hell_entry
Depths:3: minmay_strange_plus, enter_ziggurat_e, pf_hell_entry_tar_spiral,
          grunt_pan_entry_spiral, stair_cage_cross, uniq_margery, uniq_asterion
Depths:4: kennysheep_large_vault, serial_sigils, serial_sigils_hangedman_writhe,
          serial_sigils_hangedman_leer, serial_sigils_hangedman_scratch,
          serial_sigils_hangedman_snap, abyss_entry_crystal,
          grunt_hell_entry_dis_mu
Depths:5: grunt_zot_entry_gee_three, hell_entry, minmay_misc_feat_hallway,
          serial_shops, bzr_firewalk
Abyss:4:  evilmike_abyss_exit_mutagenic, serial_sigils_hangedman_gut,
          evilmike_nicolae_abyss_rune_betentacled_crabyss, due_exit_kobolds
Lab:      nicolae_lab_grate
Bazaar:   bazaar_minmay_row
IceCv:    ice_cave_statue_garden_chambered
WizLab:   wizlab_cigotuvi

Skill      XL: |  1  2  3  4  5  6  7  8  9 10 11 12 13 14 15 16 17 18 19 20 21 22 23 24 25 26 |
---------------+-------------------------------------------------------------------------------+-----
Earth Magic    | 4 5 6 7 9 10 12 14 15 17 18 20 | 20.0
Conjurations   | 1 2 3 5 7 10 12 14 15 16 18 20 | 20.0
Spellcasting   | 3 4 5 6 7 8 10 12 13 15 | 15.0
Fighting       | 6 8 10 11 12 14 15 16 20 | 20.0
Dodging        | 5 8 9 10 12 13 15 | 15.0
Shields        | 4 12 15 | 15.0
Fire Magic     | 3 8 9 10 | 10.3
Translocations | 5 |  5.0
Armour         | 11 15 | 15.1
Evocations     | 4 10 | 10.1
Stealth        | |  2.1
Transmutations | |  0.7

Action                   |  1- 3 |  4- 6 |  7- 9 | 10-12 | 13-15 | 16-18 | 19-21 | 22-24 | 25-27 || total
-------------------------+-------+-------+-------+-------+-------+-------+-------+-------+-------++-------
Melee: Hand axe          |     1 |       |       |       |       |       |       |       |       ||     1
       Short sword       |    33 |   171 |    36 |    12 |    30 |   105 |    17 |    13 |    18 ||   435
       Staff             |       |       |       |       |     5 |     4 |     3 |     1 |       ||    13
 Cast: Sandblast         |    47 |     5 |    30 |   222 |   340 |    46 |   147 |   173 |    95 ||  1105
       Stone Arrow       |       |     6 |    32 |    47 |     2 |       |       |       |       ||    87
       Lee's Rapid Decon |       |     1 |    27 |    58 |    51 |     9 |     6 |       |       ||   152
       Iron Shot         |       |       |       |       |   268 |   391 |   279 |   416 |   299 ||  1653
       Bolt of Magma     |       |       |       |       |    69 |   253 |   113 |    46 |     4 ||   485
       Passage of Golubr |       |       |       |       |       |     2 |       |     1 |     1 ||     4
       Shatter           |       |       |       |       |       |       |    77 |    79 |    45 ||   201
 Abil: Fly               |       |       |       |       |     1 |       |       |     2 |       ||     3
       Stop Flying       |       |       |       |       |       |       |       |     2 |       ||     2
Evoke: Wand              |       |       |     1 |       |       |    28 |     4 |     1 |       ||    34
       Staff of energy   |       |       |       |       |     1 |       |    32 |    13 |    45 ||    91
       Box of beasts     |       |       |       |       |       |       |       |       |     1 ||     1
       Crystal ball of e |       |       |       |       |       |       |       |       |    13 ||    13
  Use: Scroll            |     6 |    12 |     6 |    10 |    11 |    17 |     4 |     8 |     9 ||    83
       Potion            |       |       |     1 |       |       |     3 |     1 |       |     2 ||     7
 Stab: Sleeping          |     2 |     1 |       |       |       |       |       |       |       ||     3
  Eat: Chunk             |     3 |     4 |    19 |    35 |    49 |    30 |    23 |    27 |    27 ||   217
       Ration            |       |     1 |     1 |     1 |     3 |    10 |     5 |     4 |     1 ||    26
Armor: Robe              |    14 |    74 |    35 |    47 |     3 |       |       |       |    31 ||   204
       Leather armour    |       |       |       |       |    85 |   445 |   182 |   108 |    77 ||   897
Dodge: Dodged            |    34 |    99 |    51 |    90 |   170 |   537 |   201 |   148 |   158 ||  1488
Block: Buckler           |       |       |       |    15 |   110 |   355 |   154 |       |       ||   634
       Reflection        |       |       |       |       |    15 |    36 |    65 |    41 |    17 ||   174
       Shield            |       |       |       |       |       |       |    60 |   226 |   224 ||   510

Table legend:
 A = Spawn XP
 B = Non-spawn XP
 C = Spawn XP percentage of total XP
 D = Spawn monster count
 E = Non-spawn monster count
 F = Spawn count percentage of total count
 G = Total turns spent on level
                    A         B        C        D         E        F      G
               +---------+---------+-------+---------+---------+-------+---------
         Total |   14336 | 1172971 |   1.2 |      19 |    2168 |   0.9 | 87774
               +---------+---------+-------+---------+---------+-------+---------
           D:1 |       0 |      28 |   0.0 |       0 |      18 |   0.0 |  1144
           D:2 |       0 |      92 |   0.0 |       0 |      25 |   0.0 |   714
           D:3 |       0 |     109 |   0.0 |       0 |      26 |   0.0 |   962
           D:4 |       0 |     222 |   0.0 |       0 |      11 |   0.0 |   586
           D:5 |       0 |      96 |   0.0 |       0 |       5 |   0.0 |   836
           D:6 |       0 |    1162 |   0.0 |       0 |      26 |   0.0 |  1427
           D:7 |       0 |    2427 |   0.0 |       0 |      25 |   0.0 |  1724
           D:8 |       0 |    4045 |   0.0 |       0 |      25 |   0.0 |  1763
           D:9 |       0 |    4875 |   0.0 |       0 |      36 |   0.0 |  1562
          D:10 |       0 |    7825 |   0.0 |       0 |      42 |   0.0 |  1340
          D:11 |       0 |    2524 |   0.0 |       0 |      25 |   0.0 |   990
          D:12 |       0 |    5345 |   0.0 |       0 |      20 |   0.0 |  1190
          D:13 |       0 |   13565 |   0.0 |       0 |      29 |   0.0 |  2263
          D:14 |       0 |   10544 |   0.0 |       0 |      40 |   0.0 |  1919
          D:15 |       0 |   10577 |   0.0 |       0 |      33 |   0.0 |  1900
        Lair:1 |       0 |    4411 |   0.0 |       0 |      15 |   0.0 |  1096
        Lair:2 |       0 |    4047 |   0.0 |       0 |      13 |   0.0 |  1285
        Lair:3 |       0 |   13168 |   0.0 |       0 |      41 |   0.0 |  3255
        Lair:4 |       0 |    5946 |   0.0 |       0 |      39 |   0.0 |  1193
        Lair:5 |       0 |    6036 |   0.0 |       0 |      35 |   0.0 |  1071
        Lair:6 |       0 |   23913 |   0.0 |       0 |      95 |   0.0 |  2829
      Shoals:1 |       0 |    7313 |   0.0 |       0 |      16 |   0.0 |  1494
      Shoals:2 |       0 |   15051 |   0.0 |       0 |      32 |   0.0 |  1817
      Shoals:3 |       0 |   28319 |   0.0 |       0 |      44 |   0.0 |  4322
      Shoals:4 |       0 |   44562 |   0.0 |       0 |      64 |   0.0 |  2070
      Spider:1 |       0 |   17054 |   0.0 |       0 |      34 |   0.0 |  1133
      Spider:2 |       0 |   21101 |   0.0 |       0 |      57 |   0.0 |  2797
      Spider:3 |       0 |   21804 |   0.0 |       0 |      47 |   0.0 |  2962
      Spider:4 |       0 |   32220 |   0.0 |       0 |      67 |   0.0 |  2443
         Orc:1 |       0 |    6930 |   0.0 |       0 |      40 |   0.0 |  2018
         Orc:2 |       0 |   10884 |   0.0 |       0 |      73 |   0.0 |  2188
         Elf:1 |       0 |   18930 |   0.0 |       0 |      33 |   0.0 |  1643
         Elf:2 |       0 |   19743 |   0.0 |       0 |      30 |   0.0 |   625
         Elf:3 |       0 |   60537 |   0.0 |       0 |      54 |   0.0 |  1732
      Vaults:1 |       0 |   88405 |   0.0 |       0 |     145 |   0.0 |  3961
      Vaults:2 |       0 |   71324 |   0.0 |       0 |     136 |   0.0 |  3275
      Vaults:3 |       0 |   67753 |   0.0 |       0 |      90 |   0.0 |  2342
      Vaults:4 |       0 |   78755 |   0.0 |       0 |     107 |   0.0 |  2472
       Crypt:1 |       0 |   12968 |   0.0 |       0 |      19 |   0.0 |    74
      Depths:1 |       0 |   65863 |   0.0 |       0 |      82 |   0.0 |  3257
      Depths:2 |       0 |   93944 |   0.0 |       0 |      92 |   0.0 |  2509
      Depths:3 |       0 |   60512 |   0.0 |       0 |      49 |   0.0 |  3127
      Depths:4 |       0 |  128149 |   0.0 |       0 |     108 |   0.0 |  4889
      Depths:5 |       0 |   48176 |   0.0 |       0 |      47 |   0.0 |  1644
       Abyss:4 |   14336 |       0 | 100.0 |      19 |       0 | 100.0 |   431
           Lab |       0 |    1325 |   0.0 |       0 |       3 |   0.0 |   441
         IceCv |       0 |    3079 |   0.0 |       0 |      11 |   0.0 |   508
        WizLab |       0 |   27313 |   0.0 |       0 |      64 |   0.0 |   494
               +---------+---------+-------+---------+---------+-------+---------
